 Dungeon Crawl Stone Soup version 0.31-a0-986-g5e6e4ef867 (webtiles) character file.

Game seed: 11155347133403706196

239064 wireframewife the Unseen (level 20, 0/136 HPs)
             Began as a Kobold Brigand on Nov 12, 2023.
             Was the Champion of Wu Jian.
             Slain by a +3 heavy halberd (23 damage)
             ... animated by Zenata
             ... on level 1 of the Vaults.
             The game lasted 02:14:29 (36738 turns).

wireframewife the Unseen (Kobold Brigand)          Turns: 36738, Time: 02:14:30

Health: 0/136      AC: 19    Str:  9    XL:     20   Next: 5%
Magic:  29/29      EV: 36    Int: 14    God:    Wu Jian [******]
Gold:   1896       SH:  9    Dex: 30    Spells: 19/19 levels left

rFire   + . .        a - +9 rapier of the Skies Above {flame, rF+ Int+2}
rCold   . . .        j - +2 buckler {AC+3}
rNeg    + + .        P - +2 robe {Will+}
rPois   +            o - +2 helmet
rElec   .            I - +2 ratskin cloak {*Rats rPois rN+ Str-1 Int-1 Dex+1}
rCorr   .            u - +2 pair of gloves
SInv    +            i - +1 pair of boots
Will    ++...        w - amulet of regeneration
Stlth   +++++++++    A - ring "Sahoewo" {rN+ MP+9 Dex+6 SInv}
HPRegen 1.22/turn    x - ring of flight
MPRegen 0.21/turn

%: no passive effects
@: flying, hasted, very quick
A: small, no large weapons, nightstalker 3
}: 2/15 runes: decaying, serpentine
a: Renounce Religion, Wall Jump, Serpent's Lash, Heavenly Storm


You were on level 1 of the Vaults.
You worshipped Wu Jian.
Wu Jian was exalted by your worship.
You visited 7 branches of the dungeon, and saw 32 of its levels.
You also visited: Ossuary and Ice Cave.

You collected 3281 gold pieces.
You spent 1385 gold pieces at shops.

Inventory:

Hand Weapons
 a - the +9 rapier of the Skies Above (weapon) {flame, rF+ Int+2}
   (You found it on level 10 of the Dungeon)

   Int+2:     It affects your intelligence (+2).
   rF+:       It protects you from fire.
 b - a +4 scimitar of flaming
Missiles
 e - 8 curare-tipped darts
 h - 11 atropa-tipped darts
 J - 4 throwing nets
 S - 20 boomerangs (quivered)
 U - 2 datura-tipped darts
Armour
 i - a +1 pair of boots (worn)
 j - a +2 buckler of protection (worn)
 o - a +2 helmet (worn)
 u - a +2 pair of gloves (worn)
 I - the +2 ratskin cloak (worn) {*Rats rPois rN+ Str-1 Int-1 Dex+1}
   (You found it on level 6 of the Dungeon)

   *Rats:     When the wearer is hurt, rats may emerge from it to assist them.
   Str-1:     It affects your strength (-1).
   Int-1:     It affects your intelligence (-1).
   Dex+1:     It affects your dexterity (+1).
   rPois:     It protects you from poison rN+: It protects you from negative
   energy.
 P - a +2 robe of willpower (worn)
Jewellery
 w - an amulet of regeneration (around neck)
 x - a ring of flight (right hand)
 y - a +4 ring of protection
 A - the ring "Sahoewo" (left hand) {rN+ MP+9 Dex+6 SInv}
   (You bought it in a shop on level 1 of the Snake Pit)

   [ring of dexterity]

   Dex+6:     It affects your dexterity (+6).
   rN+:       It protects you from negative energy.
   MP+9:      It affects your magic capacity (+9).
   SInv:      It lets you see invisible.
 D - a ring of protection from cold
 K - a ring of positive energy
 Z - a ring of resist corrosion
Wands
 d - a wand of charming (19)
 k - a wand of mindburst (43)
 q - a wand of iceblast (23)
 s - a wand of polymorph (13)
 t - a wand of flame (13)
 v - a wand of quicksilver (7)
 R - a wand of digging (8)
Scrolls
 g - a scroll of revelation
 l - a scroll of torment
 n - 15 scrolls of teleportation
 z - 2 scrolls of identify
 B - 6 scrolls of fog
 C - 7 scrolls of poison
 E - 4 scrolls of fear
 T - 5 scrolls of vulnerability
 V - 7 scrolls of immolation
 W - 2 scrolls of brand weapon
 X - a scroll of silence
Potions
 f - 17 potions of curing
 p - 12 potions of attraction
 r - 5 potions of lignification
 F - a potion of invisibility
 G - 5 potions of enlightenment
 H - a potion of magic
 L - 3 potions of haste
 N - 3 potions of resistance
 O - 3 potions of berserk rage
 Q - 3 potions of ambrosia
 Y - 5 potions of mutation
Miscellaneous
 c - a phantom mirror


   Skills:
 + Level 18.0 Fighting
 + Level 17.8 Short Blades
 - Level 12.0 Throwing
 - Level 5.0 Armour
 + Level 18.0 Dodging
 + Level 20.1 Stealth
 - Level 5.0 Shields
 - Level 15.0 Evocations


You had 19 spell levels left.
You didn't know any spells.
Your spell library contained the following spells:

 Spells                   Type           Power      Damage    Failure   Level
 Apportation              Tloc           0%         N/A       38%         1
 Foxfire                  Conj/Fire      0%         2x1d4     38%         1
 Magic Dart               Conj           0%         1d3       38%         1
 Summon Small Mammal      Summ           0%         N/A       38%         1
 Blink                    Tloc           0%         N/A       54%         2
 Call Imp                 Summ           0%         N/A       54%         2
 Jinxbite                 Hex            0%         N/A       54%         2
 Lesser Beckoning         Tloc           0%         N/A       54%         2
 Momentum Strike          Conj/Tloc      0%         3d8       54%         2
 Poisonous Vapours        Pois/Air       0%         N/A       54%         2
 Call Canine Familiar     Summ           0%         N/A       77%         3
 Gell's Gravitas          Tloc           0%         N/A       77%         3
 Hailstorm                Conj/Ice       0%         3d3       77%         3
 Mephitic Cloud           Conj/Pois/Air  0%         N/A       77%         3
 Ozocubu's Armour         Ice            0%         N/A       77%         3
 Sigil of Binding         Hex            0%         N/A       77%         3
 Stone Arrow              Conj/Erth      0%         3d7       77%         3
 Summon Guardian Golem    Hex/Summ       0%         N/A       77%         3
 Teleport Other           Tloc           0%         N/A       77%         3
 Tukima's Dance           Hex            0%         N/A       77%         3
 Animate Armour           Summ/Erth      0%         N/A       99%         4
 Animate Dead             Necr           0%         N/A       99%         4
 Cause Fear               Hex            0%         N/A       99%         4
 Dimensional Bullseye     Hex/Tloc       0%         N/A       99%         4
 Iskenderun's Mystic Bla  Conj/Tloc      0%         2d3       99%         4
 Leda's Liquefaction      Hex/Erth       0%         N/A       99%         4
 Manifold Assault         Tloc           0%         N/A       99%         4
 Summon Ice Beast         Ice/Summ       0%         N/A       99%         4
 Alistair's Intoxication  Tmut/Pois      0%         N/A       100%        5
 Fireball                 Conj/Fire      0%         3d3       100%        5
 Freezing Cloud           Conj/Ice/Air   0%         6-21      100%        5
 Plasma Beam              Fire/Air       0%         2x1d10    100%        6
 Simulacrum               Ice/Necr       0%         N/A       100%        6
 Starburst                Conj/Fire      0%         6d3       100%        6
 Haunt                    Necr/Summ      0%         N/A       100%        7
 Ozocubu's Refrigeration  Ice            0%         4d7       100%        7
 Infestation              Necr           0%         N/A       100%        8
 Lehudib's Crystal Spear  Conj/Erth      0%         10d2      100%        8
 Dragon's Call            Summ           0%         N/A       100%        9


Dungeon Overview and Level Annotations

Branches:
Dungeon (15/15)            Temple (1/1) D:6            Lair (5/5) D:9
  Swamp (4/4) Lair:3        Snake (4/4) Lair:2        Slime (0/5) Lair:4
    Orc (2/2) D:9             Elf (0/3) Orc:2        Vaults (1/5) D:13
 Depths (0/4) D:15        Ossuary (visited)           IceCv (visited)

Altars:
Ashenzari
Cheibriados
Dithmenos
Elyvilon
Fedhas
Gozag
Hepliaklqana
Kikubaaqudgha
Makhleb
Nemelex Xobeh
Okawaru
Qazlal
Ru
Sif Muna
Trog
Uskayaw
Vehumet
Wu Jian
Xom
Yredelemnul
Zin
The Shining One
Jiyva
Lugonu

Shops:
D:4 !   D:15 [   Orc:2 ?((*   Snake:1 =   Snake:2 *

Portals:
Abyss: Lair:5
Trove: D:15 (give +4 ice dragon scales)

Annotations:
D:10 2 transporters
Vaults:1 Zenata


Innate Abilities, Weirdness & Mutations

You are small and have problems with some larger weapons.
You are completely attuned to the shadows.


Message History

Aim: an arcanist, wielding a +0 dagger and wearing a +0 robe (almost dead, fast, 67% to hit)
The bolt of dispelling energy misses the +1 dire flail of protection.
The bolt of dispelling energy misses the centaur warrior.
The bolt of dispelling energy hits Zenata!!
Zenata is severely wounded.
The bolt of dispelling energy hits the arcanist!!
You kill the arcanist!
The Council accepts your kill.
The +1 dire flail of protection hits you.
The +1 dire flail of protection hits you!!
* * * LOW HITPOINT WARNING * * *
A river rat scurries out from under your cloak.
The ironbound convoker points at something and mumbles some strange words.
The vault warden activates a sealing rune.
You block the +1 dire flail of protection's attack.
The +1 dire flail of protection closely misses you.
You swap places.
The +1 dire flail of protection hits your river rat!!!
Your river rat dies!
Unknown command.
You block the +1 dire flail of protection's attack.
The +1 dire flail of protection completely misses you.
The +1 dire flail of protection hits you!!
* * * LOW HITPOINT WARNING * * *
You feel much better.
The +1 dire flail of protection closely misses you.
The +1 dire flail of protection barely misses you.
A centaur warrior opens the door.
You block the +1 dire flail of protection's attack.
The +3 heavy halberd completely misses you.
The +1 dire flail of protection hits you.
* * * LOW HITPOINT WARNING * * *
Press: ? - help, v - describe, . - travel
Here: a +1 dire flail of protection (summoned, fast, strong)
The floor.
You feel yourself speed up.
The +1 dire flail of protection hits you!
* * * LOW HITPOINT WARNING * * *
The +3 heavy halberd hits you from afar!!
You die...

####### ......+
. #....#
...###....#
+..c.#)#(.Y.###
#. ##cY)###('..
#. #?.(YY#.(#
#.###ppp###@#
+$.()#.#....#
+.pp.###....#
#....#Y#....#
#...p.......+
#############


You could see a dire elephant and 2 dancing weapons.

Vanquished Creatures
  Mara (Snake:4)
  Bai Suzhen (Snake:3)
  Vashnia (Snake:4)
  Mlioglotl (Swamp:3)
  Agnes (D:15)
  Kirke (Lair:4)
  2 fenstrider witches
  7 nagarajas
  A vault warden (D:13)
  A reaper (IceCv)
  2 ironbound thunderhulks (D:13)
  Nessos (D:13)
  A dire elephant (Vaults:1)
  3 eleionomae (Swamp:4)
  3 bunyips
  2 shambling mangroves
  An ice dragon (Lair:3)
  3 vault guards (D:13)
  20 hydras
  3 salamander tyrants
  Erica (Lair:2)
  4 centaur warriors
  4 ghost crabs
  9 anacondas
  4 alligators (Swamp:4)
  6 two-headed ogres
  4 death yaks (Lair:5)
  11 naga warriors
  2 boulder beetles
  A vampire mage (D:15)
  13 naga sharpshooters
  3 occultists (D:12)
  A shock serpent (shapeshifter) (Lair:5)
  Urug (Orc:2)
  6 orc high priests (Orc:2)
  4 thrashing horrors (Lair:5)
  8 shock serpents
  7 salamander mystics
  3 skeletal warriors (D:15)
  2 spark wasp zombies (D:15)
  6 goliath frogs
  2 sea snakes (Snake:1)
  2 skysharks
  4 spriggan druids
  5 naga ritualists
  11 swamp dragons
  5 arcanists
  8 bog bodies
  5 orc knights (Orc:2)
  A necromancer (D:15)
  2 ironbound convokers (Vaults:1)
  Pikel (D:5)
  7 mana vipers
  An ugly thing (Lair:5)
  A wolf spider zombie (D:14)
  A wolf spider (Lair:5)
  3 deep elf pyromancers
  2 orc sorcerers (Orc:2)
  4 will-o-the-wisps
  2 oklob plants (Lair:4)
  8 cyclopes
  3 manticores
  21 salamanders
  33 black mambas
  A moth of wrath (shapeshifter) (D:13)
  4 guardian serpents
  18 elephants
  15 naga magi
  2 ice statues (IceCv)
  14 cane toads
  6 torpor snails (Lair:2)
  3 smoke demons (Lair:5)
  A centaur skeleton (D:14)
  A gargoyle (D:12)
  2 unseen horrors
  4 rime drakes
  6 komodo dragons
  3 kobold demonologists (D:12)
  2 efreet
  3 ice devils (IceCv)
  2 anaconda simulacra (IceCv)
  A tengu conjurer (D:15)
  4 freezing wraiths
  7 polar bears
  6 tyrant leeches
  11 trolls
  2 raiju (Lair:5)
  Grinder (D:3)
  11 hornets
  6 dream sheep (Lair:3)
  19 blink frogs
  Sigmund (D:3)
  2 shadows
  A wyvern (shapeshifter) (Lair:5)
  8 wraiths
  3 dire elephant simulacra (IceCv)
  12 spriggans
  63 yaks
  4 wyverns
  2 vampires
  7 slime creatures
  6 humans (D:13)
  6 basilisks
  A death yak simulacrum (IceCv)
  2 hogs (Lair:4)
  The ghost of Getoffmy the Twirler, an amateur DsGl of Makhleb (D:4)
  3 steam dragons
  10 vampire mosquitoes
  3 chaos spawn (Lair:5)
  10 swamp worms
  3 acid dragons
  2 wargs
  Edmund (D:5)
  2 hydra simulacra (IceCv)
  3 harpy simulacra (IceCv)
  35 nagas
  34 orc warriors
  8 water moccasins
  9 swamp drakes
  3 ice beasts (D:5)
  10 small abominations (Lair:5)
  3 black bears (D:6)
  3 elephant zombies (Lair:3)
  8 ogres
  16 centaurs
  31 wolves
  A phantom (D:5)
  2 komodo dragon zombies (Lair:3)
  2 lemures (D:5)
  2 kobold brigands
  9 bullfrogs
  2 gnoll sergeants
  3 scorpions
  A cane toad simulacrum (IceCv)
  11 wights
  An elephant simulacrum (IceCv)
  12 electric eels
  12 killer bees
  2 howler monkeys (D:5)
  Crazy Yiuf (D:2)
  A human zombie (Ossuary)
  A jelly (D:6)
  2 sleepcaps
  A basilisk zombie (Lair:3)
  2 gnoll boudas
  25 orc priests
  2 boggart zombies (D:14)
  5 hounds
  Jessica (D:3)
  9 orc wizards
  Ijyb (D:3)
  6 hell rats (Lair:5)
  Natasha (thrice) (D:3)
  A polar bear simulacrum (IceCv)
  A spriggan simulacrum (IceCv)
  A boggart simulacrum (D:14)
  3 mummies (Ossuary)
  10 adders
  9 gnolls
  3 shadow imps
  4 white imps
  An ufetubus (D:7)
  4 worms
  3 dart slugs
  63 orcs
  2 bats
  5 endoplasms
  3 giant cockroaches
  2 gnoll zombies (Ossuary)
  7 goblins
  4 hobgoblins
  11 jackals
  5 quokkas
  11 ball pythons
  4 frilled lizards
  4 goblin zombies (Ossuary)
  A hobgoblin zombie (Ossuary)
  7 kobolds
  2 kobold zombies (Ossuary)
  9 rats
  A butterfly (Lair:2)
1060 creatures vanquished.

Vanquished Creatures (collateral kills)
  A death yak (Lair:5)
  A necromancer (Lair:3)
  A salamander (Snake:4)
  An elephant (Lair:4)
  A blink frog (Lair:5)
  2 nagas
  A killer bee (D:9)
  An orc (D:6)
9 creatures vanquished.

Vanquished Creatures (others)
  Asterion (Snake:1)
  A naga sharpshooter (Snake:4)
  3 humans (Lair:4)
  An ufetubus (D:7)
  13 foxfires (Swamp:4)
19 creatures vanquished.

Grand Total: 1088 creatures vanquished

Notes
Turn   | Place    | Note
-------+----------+-------------------------------------------
     0 | D:1      | wireframewife the Kobold Brigand began the quest for the
                  | Orb.
     0 | D:1      | Reached XP level 1. HP: 12/12 MP: 1/1
   218 | D:1      | Reached XP level 2. HP: 17/17 MP: 2/2
   728 | D:1      | Reached XP level 3. HP: 21/21 MP: 3/3
  1098 | D:2      | Found a faded altar of an unknown god.
  1158 | D:2      | Reached skill level 5 in Short Blades
  1283 | D:2      | Identified the +1 sling of the Wilderness {heavy, Will+}
  1318 | D:2      | Reached XP level 4. HP: 26/26 MP: 4/4
  1318 | D:2      | You fall into a shaft and drop 1 floor!
  1344 | D:3      | Noticed Jessica
  1348 | D:3      | Killed Jessica
  1421 | D:3      | Noticed Natasha
  1428 | D:3      | Killed Natasha
  1429 | D:3      | Reached XP level 5. HP: 30/30 MP: 5/5
  1478 | D:3      | Noticed Natasha
  1482 | D:3      | Killed Natasha
  1593 | D:2      | Found a runed translucent door.
  1596 | D:2      | Noticed Crazy Yiuf
  1606 | D:2      | Killed Crazy Yiuf
  1785 | D:3      | Reached XP level 6. HP: 35/35 MP: 6/6
  1806 | D:3      | Noticed Grinder
  1864 | D:3      | Killed Grinder
  1865 | D:3      | Reached XP level 7. HP: 38/40 MP: 7/7
  1949 | D:3      | Noticed Sigmund
  1957 | D:3      | Killed Sigmund
  1958 | D:3      | Reached skill level 10 in Short Blades
  1958 | D:3      | Reached skill level 6 in Stealth
  1996 | D:3      | Noticed Natasha
  2008 | D:3      | Killed Natasha
  2022 | D:3      | Noticed Ijyb
  2025 | D:3      | Killed Ijyb
  2473 | D:4      | Identified the +5 spear of the Skies Above {vamp, Int+4}
  2588 | D:4      | Found Ekalarhugef's Distillery.
  2593 | D:4      | Bought a potion of curing for 39 gold pieces
  2593 | D:4      | Bought a potion of might for 52 gold pieces
  2593 | D:4      | Bought a potion of curing for 39 gold pieces
  2641 | D:4      | Reached skill level 7 in Stealth
  2706 | D:4      | Found a sand-covered staircase.
  2712 | Ossuary  | Entered an ossuary
  2715 | Ossuary  | Noticed a wraith
  2754 | Ossuary  | Reached XP level 8. HP: 44/44 MP: 8/8
  2952 | Ossuary  | Noticed a wraith
  2954 | Ossuary  | Killed a wraith
  2955 | Ossuary  | Reached skill level 9 in Stealth
  3145 | Ossuary  | Noticed a wraith
  3512 | D:4      | Found a large runed translucent door.
  3512 | D:4      | Found a large runed translucent door.
  3635 | D:5      | Entered Level 5 of the Dungeon
  3760 | D:5      | Reached skill level 10 in Stealth
  3998 | D:5      | Identified the +1 leather armour of the Chupacabra {rCorr
                  | Slay-2 SInv}
  4257 | D:5      | Reached XP level 9. HP: 38/52 MP: 9/9
  4422 | D:5      | Noticed Edmund
  4426 | D:5      | Killed Edmund
  4585 | D:5      | Noticed Pikel
  4623 | D:5      | Killed Pikel
  4624 | D:5      | Reached skill level 5 in Fighting
  4957 | D:6      | Found a staircase to the Ecumenical Temple.
  5076 | Temple   | Entered the Ecumenical Temple
  5082 | Temple   | Became a worshipper of the Wu Jian Council
  5108 | D:6      | Found the +2 ratskin cloak {*Rats rPois rN+ Str-1 Int-1
                  | Dex+1}
  5304 | D:6      | Found a large runed translucent door.
  5306 | D:6      | Found a large runed translucent door.
  5410 | D:6      | Found a large runed translucent door.
  5419 | D:6      | Found a large runed translucent door.
  5481 | D:6      | Reached XP level 10. HP: 35/63 MP: 10/10
  5481 | D:6      | Noticed a manticore
  5773 | D:6      | Killed a manticore
  6011 | D:6      | Reached * piety under Wu Jian
  6148 | D:6      | Identified the +0 robe of the Devil's Advocate {rPois SInv}
  6850 | D:7      | Found a burning altar of Makhleb.
  6860 | D:7      | Found a broken altar of Ashenzari.
  7735 | D:8      | Found a shadowy altar of Dithmenos.
  7795 | D:8      | Reached ** piety under Wu Jian
  7796 | D:8      | Reached skill level 10 in Dodging
  8011 | D:8      | Noticed a two-headed ogre
  8021 | D:8      | Killed a two-headed ogre
  8022 | D:8      | Reached skill level 10 in Fighting
  8368 | D:9      | Reached XP level 11. HP: 64/72 MP: 11/11
  8831 | D:9      | Reached skill level 5 in Evocations
  8963 | D:9      | Found a stormy altar of Qazlal.
  8992 | D:9      | Found a snail-covered altar of Cheibriados.
  9125 | D:9      | Found a staircase to the Orcish Mines.
  9441 | D:9      | Found a staircase to the Lair.
  9785 | D:10     | Entered Level 10 of the Dungeon
 10512 | D:10     | Found an ancient bone altar of Kikubaaqudgha.
 10514 | D:10     | Noticed a death knight
 10516 | D:10     | Found a basalt altar of Yredelemnul.
 10576 | D:10     | Identified the +9 rapier of the Skies Above {flame, rF+
                  | Int+2}
 10664 | D:10     | Noticed a two-headed ogre
 10667 | D:10     | Killed a two-headed ogre
 10668 | D:10     | Reached skill level 11 in Stealth
 10831 | D:10     | Found a transporter.
 10917 | D:10     | Found a transporter.
 11304 | D:11     | Reached skill level 10 in Evocations
 11361 | D:11     | Noticed a cyclops
 11364 | D:11     | Killed a cyclops
 11365 | D:11     | Reached XP level 12. HP: 77/77 MP: 12/12
 11509 | D:11     | Reached skill level 12 in Stealth
 11830 | Lair:1   | Entered Level 1 of the Lair of Beasts
 11964 | Lair:1   | Reached *** piety under Wu Jian
 11989 | Lair:1   | Reached skill level 13 in Stealth
 12327 | Lair:1   | Reached skill level 14 in Stealth
 13309 | Lair:2   | Reached skill level 15 in Stealth
 13422 | Lair:2   | Reached XP level 13. HP: 82/82 MP: 13/13
 13498 | Lair:2   | Reached **** piety under Wu Jian
 13774 | Lair:2   | Noticed Erica
 13785 | Lair:2   | Killed Erica
 13966 | Lair:2   | Reached skill level 5 in Throwing
 13983 | Lair:2   | Found a staircase to the Snake Pit.
 14252 | Lair:2   | Found a snail-covered altar of Cheibriados.
 14626 | Lair:3   | Reached ***** piety under Wu Jian
 14761 | Lair:3   | Noticed an ice dragon
 14795 | Lair:3   | Found a frozen archway.
 14807 | Lair:3   | Killed an ice dragon
 14811 | IceCv    | Entered an ice cave
 15089 | IceCv    | Reached XP level 14. HP: 92/92 MP: 14/14
 15265 | IceCv    | Noticed a reaper
 15266 | IceCv    | Killed a reaper
 15562 | Lair:3   | Found a staircase to the Swamp.
 16324 | Lair:4   | Noticed Kirke
 16337 | Lair:4   | Killed Kirke
 16344 | Lair:4   | Reached skill level 10 in Throwing
 17097 | Lair:4   | Found a viscous altar of Jiyva.
 17099 | Lair:4   | Found a staircase to the Slime Pits.
 17495 | Lair:5   | Entered Level 5 of the Lair of Beasts
 17687 | Lair:5   | Found a blossoming altar of Fedhas.
 17792 | Lair:5   | Reached ****** piety under Wu Jian
 17978 | Lair:5   | Reached XP level 15. HP: 101/101 MP: 15/15
 18486 | Lair:5   | Reached skill level 15 in Fighting
 18916 | Lair:5   | Found a corrupted altar of Lugonu.
 18918 | Lair:5   | Found a one-way gate to the infinite horrors of the Abyss.
 20363 | D:12     | Reached skill level 15 in Dodging
 20423 | D:12     | Reached skill level 16 in Stealth
 20429 | D:12     | Reached XP level 16. HP: 102/108 MP: 16/16
 20947 | Orc:1    | Entered Level 1 of the Orcish Mines
 21277 | Orc:2    | Entered Level 2 of the Orcish Mines
 21536 | Orc:2    | Found a bloodstained altar of Trog.
 21570 | Orc:2    | Found a staircase to the Elven Halls.
 21586 | Orc:2    | Noticed Urug
 21598 | Orc:2    | Killed Urug
 22442 | Orc:2    | Reached skill level 17 in Stealth
 23154 | Orc:2    | Found Jirafifu's Antique Weapon Emporium.
 23155 | Orc:2    | Found Alauloga's Antique Weapon Shoppe.
 23156 | Orc:2    | Found Xatyovoo's General Store.
 23156 | Orc:2    | Found Jienen's Magic Scroll Shoppe.
 23162 | Orc:2    | Bought a scroll of fear for 56 gold pieces
 23162 | Orc:2    | Bought a scroll of fog for 56 gold pieces
 23162 | Orc:2    | Bought a scroll of revelation for 105 gold pieces
 23162 | Orc:2    | Bought a scroll of identify for 28 gold pieces
 23470 | D:4      | Noticed Getoffmy's ghost (amateur DsGl)
 23473 | D:4      | Killed Getoffmy's ghost
 23706 | Snake:1  | Entered Level 1 of the Snake Pit
 24218 | Snake:1  | Found Juifrell's Jewellery Shoppe.
 24223 | Snake:1  | Bought the ring "Sahoewo" {rN+ MP+9 Dex+6 SInv} for 843
                  | gold pieces
 24413 | Snake:1  | Reached skill level 18 in Stealth
 24414 | Snake:1  | Identified the +7 quarterstaff of the Crushed Beasts
                  | {antimagic, *Corrode rPois rF+ SInv}
 24651 | Snake:1  | Noticed Asterion
 24689 | Snake:1  | Killed Asterion
 25423 | Snake:2  | Found Efuj's Assorted Antiques.
 25428 | Snake:2  | Bought a scroll of identify for 86 gold pieces
 25428 | Snake:2  | Bought a scroll labelled DAICAW VAWAXO for 43 gold pieces
 25428 | Snake:2  | Bought a fizzy puce potion for 38 gold pieces
 25718 | Snake:2  | Noticed a nagaraja
 25730 | Snake:2  | Killed a nagaraja
 25805 | Snake:2  | Reached skill level 19 in Stealth
 25806 | Snake:2  | Reached XP level 17. HP: 113/113 MP: 17/17
 26987 | Snake:3  | Reached skill level 20 in Stealth
 27049 | Snake:3  | Noticed Bai Suzhen
 27052 | Snake:3  | Killed Bai Suzhen
 27070 | Snake:3  | Reached skill level 15 in Evocations
 27140 | Snake:3  | Reached skill level 1 in Armour
 28200 | Swamp:1  | Entered Level 1 of the Swamp
 28313 | Swamp:1  | Reached skill level 5 in Armour
 29304 | Swamp:3  | Reached XP level 18. HP: 120/120 MP: 18/18
 29327 | Swamp:3  | Noticed Mlioglotl
 29335 | Swamp:3  | Noticed a lich
 29350 | Swamp:3  | Killed Mlioglotl
 29846 | Swamp:4  | Entered Level 4 of the Swamp
 30068 | Swamp:4  | Reached skill level 15 in Short Blades
 31037 | Swamp:4  | Got a decaying rune of Zot
 31284 | Snake:4  | Entered Level 4 of the Snake Pit
 31648 | Snake:4  | Noticed Vashnia
 31650 | Snake:4  | Killed Vashnia
 31651 | Snake:4  | Reached skill level 1 in Shields
 32167 | Snake:4  | Reached XP level 19. HP: 128/128 MP: 19/19
 32462 | Snake:4  | Noticed Mara
 32467 | Snake:4  | Noticed wireframewife's illusion
 32504 | Snake:4  | Noticed wireframewife's illusion
 32517 | Snake:4  | Killed Mara
 33684 | Snake:4  | Got a serpentine rune of Zot
 34026 | D:13     | Found a transporter.
 34044 | D:13     | Found a transporter.
 34051 | D:13     | Found a transporter.
 34055 | D:13     | Found an ornate altar of the Wu Jian Council.
 34056 | D:13     | Found a transporter.
 34109 | D:13     | Found an ornate altar of the Wu Jian Council.
 34313 | D:13     | Noticed Nessos
 34321 | D:13     | Killed Nessos
 34392 | D:13     | Found a corrupted altar of Lugonu.
 34514 | D:13     | Found a gate to the Vaults.
 35137 | D:14     | Found a white marble altar of Elyvilon.
 35586 | D:14     | Identified the +8 short sword of Victory {heavy, rF- rC+
                  | rCorr Dex+3}
 35665 | D:15     | Entered Level 15 of the Dungeon
 35837 | D:15     | Found a staircase to the Depths.
 35843 | D:15     | Reached skill level 5 in Shields
 35913 | D:15     | Noticed Agnes
 35917 | D:15     | Killed Agnes
 36301 | D:15     | Reached XP level 20. HP: 136/136 MP: 20/20
 36469 | D:15     | Found a portal to a secret trove of treasure.
 36513 | D:15     | Found Zobloe's Antique Armour Emporium.
 36668 | Vaults:1 | Entered Level 1 of the Vaults
 36717 | Vaults:1 | Noticed Zenata
 36738 | Vaults:1 | Slain by a +3 heavy halberd

Illustrated notes

Levels and vault maps discovered:
D:1:      matt_arrival_los_fun, layout_loops_cross, st_stairs_4
D:2:      layout_rooms, hellmonk_ecumenical_altar_dog_temple,
          uniq_crazy_yiuf_cottage
D:3:      layout_loops_cross, minmay_circle_x, uniq_jessica, uniq_ijyb,
          uniq_grinder, uniq_natasha, uniq_sigmund
D:4:      layout_cave_pools, serial_shops, nicolae_stop_n_shop_2,
          mainiacjoe_ossuary_entry_dusty_tomb, ebering_ghost_disaster_area,
          chequers_decorated_corner
D:5:      layout_basic, dk_vineyard_2, uniq_pikel, uniq_edmund
D:6:      layout_rooms, minmay_temple_entry_arrows,
          minmay_hollow_rounded_squares
D:7:      layout_basic, mainiacjoe_overflow_big_doors
D:8:      layout_cave_pools, nicolae_dithmenos_shadow_blocks
D:9:      layout_irregular_city, mainiacjoe_overflow_catwalk_spiral,
          lair_entry_dummy, minmay_misc_feat_four_crosses,
          minmay_increasing_density
D:10:     layout_irregular_city, gammafunk_temple_of_torment
D:11:     layout_rooms
D:12:     minmay_wizard_corner, layout_stronghold, hangedman_corner_corridor
D:13:     dreamdust_wu_jian_sword_trials, layout_basic, hellmonk_vaults_keyhole,
          tgw_lugonu_bribe, uniq_nessos
D:14:     layout_basic, elyvilon_altar_4, hangedman_weighted_door
D:15:     gammafunk_depths_entry_grave, layout_long_grid,
          nicolae_trove_entry_diagonal, hangedman_decor_peaks_small,
          serial_shops, shop, uniq_agnes
Temple:   hellmonk_temple_two_chambers
Lair:1:   layout_loops_ring, grunt_megastairs_3
Lair:2:   layout_cave_pods, guppyfry_snake_entry_island,
          nicolae_quartered_pool_medium, minivault_26, kennysheep_snail_temple,
          lemuel_fruit_fields, lemuel_fruit_tree, infiniplex_staircase_pool_2,
          uniq_erica
Lair:3:   pond_and_an_island_with_a_cottage, layout_chaotic_city,
          skrybe_swamp_entry_bodies, portal_ice_cave_entry_animals_and_master
Lair:4:   layout_cave_pods, minmay_slime_entry_oklob_enclosed, uniq_kirke
Lair:5:   hellmonk_lair_end_abyssal_woods, layout_layer_cave, basic_altar,
          grunt_forest_large_clearing_hut
Swamp:1:  layout_falls_marsh, serial_swamp_ruin, evilmike_swamp_ruin_house_5,
          evilmike_swamp_ruin_rubble_2
Swamp:2:  layout_falls_marsh, infiniplex_staircase_pool
Swamp:3:  layout_basic_swamp, evilmike_swamp_ruin_wall, uniq_mlioglotl
Swamp:4:  swamp, layout_basic_swamp
Snake:1:  layout_layer_cave, nicolae_wooded_promenade, serial_bayou_pond_b,
          nicolae_snake_snake_lake, uniq_asterion
Snake:2:  layout_grid_shapes, serial_shops, shop, drop_trap
Snake:3:  layout_chambers, uniq_bai_suzhen
Snake:4:  johnstein_snake_rune_scales, layout_layer_cave, uniq_vashnia,
          uniq_mara
Orc:1:    layout_diamond_mine
Orc:2:    st_orc_pillars, layout_caves, david_defended_altar_orc, uniq_urug
Vaults:1: nicolae_vaults_wine_cellar, dpeg_vaults_waves,
          nicolae_vaults_what_the_h, nicolae_vaults_tetromino_L_1,
          nicolae_vaults_apartment_2, grunt_vaults_bifocal,
          nicolae_vaults_mitosis, vaults_dpeg_ring, nicolae_vaults_wrenched,
          vaults_mumra_hex, nicolae_vaults_double_plus_2,
          layout_vaults_maze_bifur, uniq_zenata

Skill      XL: |  1  2  3  4  5  6  7  8  9 10 11 12 13 14 15 16 17 18 19 20 |
---------------+-------------------------------------------------------------+-----
Short Blades   | 3 4 5 6 7 9 10 13 14 16 17 | 17.8
Stealth        | 7 10 11 15 16 19 20 | 20.1
Fighting       | 3 7 10 12 14 15 17 18 | 18.0
Dodging        | 3 7 10 11 15 16 17 18 | 18.0
Evocations     | 3 10 13 15 | 15.0
Throwing       | 8 11 12 | 12.0
Armour         | 5 |  5.0
Shields        | 2 5 |  5.0

Action                     |  1- 3 |  4- 6 |  7- 9 | 10-12 | 13-15 | 16-18 | 19-21 || total
---------------------------+-------+-------+-------+-------+-------+-------+-------++-------
  Melee: Dagger            |   107 |       |       |       |       |       |       ||   107
         Short sword       |     1 |    67 |   307 |   598 |       |       |       ||   973
         Punch             |       |     2 |     4 |    10 |    20 |    29 |       ||    65
         Unarmed           |       |     2 |       |       |       |       |       ||     2
         Rapier            |       |       |       |   179 |  1046 |  1430 |   679 ||  3334
         Scimitar          |       |       |       |       |     5 |    60 |       ||    65
  Throw: Dart              |       |     2 |       |     7 |       |     7 |       ||    16
         Boomerang         |       |       |       |       |       |     4 |    12 ||    16
 Invoke: Serpent's Lash    |       |       |       |       |       |       |     1 ||     1
Ability: Lunge             |       |       |     1 |    47 |    97 |   182 |    65 ||   392
         Whirlwind         |       |       |       |    97 |    69 |   218 |   104 ||   488
         Wall Jump         |       |       |       |       |       |     5 |     3 ||     8
  Evoke: Wand              |       |       |       |       |     1 |     2 |    17 ||    20
    Use: Scroll            |       |       |     7 |    11 |    12 |    14 |       ||    44
         Potion            |       |       |       |     8 |     1 |     7 |     2 ||    18
   Stab: Sleeping          |    16 |     3 |    27 |    41 |    87 |   108 |    41 ||   323
         Distracted        |       |       |     3 |     4 |    10 |    21 |     6 ||    44
         Invisible         |       |       |       |       |       |     4 |       ||     4
         Confused          |       |       |       |       |       |     1 |       ||     1
 Armour: Robe              |    22 |       |       |   177 |   171 |   360 |   121 ||   851
         Ring mail         |     6 |    17 |    86 |    32 |       |       |       ||   141
         Skin              |       |     2 |       |       |       |       |       ||     2
         Steam dragon scal |       |       |       |     7 |       |       |       ||     7
  Dodge: Dodged            |    72 |    14 |   101 |   441 |   540 |  1204 |   346 ||  2718
  Block: Buckler           |       |       |       |       |       |    27 |   156 ||   183

Table legend: (Time is in decaauts)
 A = Elapsed time spent in this place.
 B = Non-inter-level travel time spent in this place.
 C = Inter-level travel time spent in this place.
 D = Time resting spent in this place.
 E = Time spent auto-exploring this place.
 F = Levels seen in this place.
 G = Mean time per level.
                   A        B        C        D        E       F      G
               +--------+--------+--------+--------+--------+-----+--------+
         Total |  35353 |  32866 |   2487 |   4717 |  20786 |  34 | 1039.8 |
       Dungeon |  15318 |  14135 |   1183 |   1620 |   9761 |  15 | 1021.2 |
        Temple |     12 |      7 |      5 |      0 |      0 |   1 |   12.0 |
          Lair |   7209 |   6673 |    536 |   1166 |   4120 |   5 | 1441.8 |
         Swamp |   2786 |   2617 |    169 |    333 |   1545 |   4 |  696.5 |
     Snake Pit |   6775 |   6315 |    460 |    791 |   4075 |   4 | 1693.8 |
  Orcish Mines |   2286 |   2155 |    131 |    591 |   1010 |   2 | 1143.0 |
        Vaults |     51 |     51 |      0 |      0 |      0 |   1 |   51.0 |
       Ossuary |    409 |    409 |      0 |      0 |    211 |   1 |  409.0 |
      Ice Cave |    504 |    504 |      0 |    216 |     64 |   1 |  504.0 |
               +--------+--------+--------+--------+--------+-----+--------+

Top non-repeatable levels by time:
 Snake:4: 2268 daAuts
  Lair:5: 1882 daAuts
   Orc:2: 1823 daAuts
 Snake:1: 1694 daAuts
     D:9: 1571 daAuts
  Lair:2: 1558 daAuts
 Snake:3: 1513 daAuts
    D:10: 1438 daAuts
     D:5: 1436 daAuts
  Lair:1: 1373 daAuts
  Lair:4: 1323 daAuts
 Snake:2: 1298 daAuts
     D:6: 1225 daAuts
    D:12: 1187 daAuts
     D:7: 1131 daAuts
